 Dungeon Crawl Stone Soup version 0.23.2-40-g277498a001 (webtiles) character file.

Game seed: 11881487453176010871

34 Descartes the Grasshopper (level 3, -1/18 HPs)
             Began as a Vine Stalker Warper on Sept 15, 2019.
             Succumbed to a kobold's poison
             ... on level 1 of the Dungeon.
             The game lasted 00:02:34 (1236 turns).

Descartes the Grasshopper (Vine Stalker Warper)     Turns: 1236, Time: 00:02:35

Health: -1/18      AC:  8    Str: 13    XL:     3   Next: 31%
Magic:  7/7        EV:  6    Int: 13    God:
Gold:   17         SH:  0    Dex: 14    Spells: 2/6 levels left

rFire    . . .     SeeInvis .   a - +0 falchion
rCold    . . .     Gourm    .   (no shield)
rNeg     . . .     Faith    .   c - +0 chain mail
rPois    .         Spirit   +   (no helmet)
rElec    .         Reflect  .   (no cloak)
rCorr    .         Harm     .   (no gloves)
MR       .....                  (no boots)
Stlth    ..........             (no amulet)
HPRegen  0.06/turn              (no ring)
MPRegen  0.10/turn              (no ring)

@: lethally poisoned (-1 -> -33)
A: fangs 2, magic shield, antimagic bite, no potion heal 3, rot immunity
a: no special abilities


You were on level 1 of the Dungeon.
You were not hungry.

You visited 1 branch of the dungeon, and saw 1 of its levels.

You collected 17 gold pieces.

Inventory:

Hand Weapons
 a - a +0 falchion (weapon)
Missiles
 e - 5 tomahawks of dispersal (quivered)
 k - 15 arrows
 n - 12 bolts
 o - 21 stones
Armour
 b - a +0 leather armour
 c - a +0 chain mail (worn)
Scrolls
 d - a scroll of blinking
 g - a scroll of identify {unknown}
 i - 2 scrolls of remove curse {unknown}
 m - 3 scrolls of teleportation {unknown}
Potions
 j - a potion of mutation {unknown}
 l - 3 potions of curing {unknown}
Comestibles
 f - 4 rations


   Skills:
 + Level 2.0 Fighting
 + Level 1.9 Long Blades
 - Level 0.8 Throwing
 + Level 1.1 Armour
 + Level 1.8 Dodging
 * Level 1.4 Stealth
 + Level 0.1 Unarmed Combat
 + Level 2.3 Spellcasting
 + Level 0.8 Charms
 + Level 3.0 Translocations


You had 2 spell levels left.
You knew the following spells:

 Your Spells              Type           Power        Failure   Level  Hunger
a - Shroud of Golubria    Chrm/Tloc      #.........   99%         2    ###....
b - Blink                 Tloc           N/A          98%         2    ###....

Your spell library contained the following spells:

 Spells                   Type           Power        Failure   Level  Hunger
 Gell's Gravitas          Tloc           #.........   100%        3    ###....
 Lesser Beckoning         Tloc           #.........   100%        3    ###....
 Teleport Other           Tloc           #.......     100%        3    ###....
 Passage of Golubria      Tloc           N/A          100%        4    #####..


Dungeon Overview and Level Annotations

Branches:
Dungeon (1/15)

Altars:


Innate Abilities, Weirdness & Mutations

You have extremely sharp teeth.
When hurt, damage is shared between your health and your magic reserves.
Your bite disrupts and absorbs the magic of your enemies.
Potions cannot restore your health.
You are immune to rotting.


Message History

You are more poisoned.
You closely miss the kobold.
The kobold is heavily wounded.
You feel sick. The kobold barely misses you. x2
You are too injured to fight recklessly!
You barely miss the kobold. You bite the kobold. You drain its power.
You feel invigorated.
The kobold is severely wounded.
You feel very sick. The kobold closely misses you.
You closely miss the kobold. Your bite misses the kobold.
The kobold is severely wounded.
* * * LOW HITPOINT WARNING * * *
You feel sick. The kobold hits you but does no damage.
You are more poisoned.
You hit the kobold.
You kill the kobold!
* * * LOW HITPOINT WARNING * * *
You feel very sick.
You die...

# ### .. ..# ##.##..##
##....... ...#...# #..$..#
#.....# .#####.@.# .........#
#. #######(## ... #(# #.# ##'##
#.# ##...## # #.#### ##.....##
### .# #.##.## ##.......##
##.##.#
###.#...####.........####...#.#


There were no monsters in sight!

Vanquished Creatures
  2 leopard geckos (D:1)
  3 ball pythons (D:1)
  2 giant cockroaches (D:1)
  3 goblins (D:1)
  5 hobgoblins (D:1)
  2 jackals (D:1)
  3 bats (D:1)
  2 frilled lizards (D:1)
  3 kobolds (D:1)
  3 rats (D:1)
28 creatures vanquished.

Notes
Turn   | Place    | Note
-------+----------+-------------------------------------------
     0 | D:1      | Descartes the Vine Stalker Warper began the quest for the
                  | Orb.
     0 | D:1      | Reached XP level 1. HP: 11/11 MP: 4/4
   154 | D:1      | Reached skill level 1 in Armour
   485 | D:1      | Reached XP level 2. HP: 15/15 MP: 6/6
   496 | D:1      | Learned a level 2 spell: Shroud of Golubria
   499 | D:1      | Learned a level 2 spell: Blink
   528 | D:1      | Reached skill level 1 in Stealth
   928 | D:1      | Reached XP level 3. HP: 17/18 MP: 7/7
  1236 | D:1      | Succumbed to a kobold's poison

Skill      XL: |  1  2 |
---------------+-------+-----
Armour         | 1 |  1.1
Stealth        | 1 |  1.4
Fighting       | 2 |  2.0
Long Blades    | |  1.9
Throwing       | |  0.8
Dodging        | |  1.8
Unarmed Combat | |  0.1
Spellcasting   | |  2.3
Charms         | |  0.8
Translocations | |  3.0

Action                   || total
-------------------------++-------
Melee: Falchion          ||    97
       Bite              ||    19
  Eat: Chunk             ||     1
Armor: Chain mail        ||    59
Dodge: Dodged            ||    32
       Rpst.: Falchion   ||     8
